 Dungeon Crawl Stone Soup version 0.23.0-33-g5e6c059 (webtiles) character file.

Game seed: 10228867000628883682

507465 feelmyfire the Slayer (level 25, 0/200 HPs)
             Began as a Merfolk Warper on Feb 26, 2019.
             Was the Champion of Hepliaklqana.
             Slain by a deep troll (1 damage)
             ... while paralysed by a floating eye
             ... on level 3 of the Depths on Feb 27, 2019.
             The game lasted 01:54:01 (51915 turns).

feelmyfire the Slayer (Merfolk Warper)             Turns: 51915, Time: 01:54:02

Health: 0/200      AC: 18    Str: 17    XL:     25   Next: 41%
Magic:  0/36       EV:  2    Int: 15    God:    Hepliaklqana [******]
Gold:   4726       SH:  0    Dex: 17    Spells: 30/33 levels left

rFire    + + .     SeeInvis .   R - +9 demon trident (vamp)
rCold    + + .     Gourm    .   P - +2 shield {rF+}
rNeg     + + .     Faith    .   a - +4 moon troll leather armour {Spirit, Regen++ MP+5}
rPois    +         Spirit   +   w - -2 hat of the Alchemist {rElec rPois rF+ rC+ rN+ MR+ rMut rCorr}
rElec    +         Reflect  .   K - +2 cloak
rCorr    +         Harm     .   z - +2 pair of gloves
rMut     +                      F - +2 pair of boots of the Assassin {Detection Stab+ Stlth++}
MR       ++++.                  I - amulet of regeneration
Stlth    ++++++++..             A - ring of Modass {rElec rPois MR++ Str-4}
HPRegen  1.63/turn              i - ring "Ymueruw" {rC+ rN+ AC+2 Int+2 Dex+2}
MPRegen  0.25/turn

@: paralysed, lightly drained
A: change form in water, swift swim, stealthy swim, reduced essence
}: 2/15 runes: barnacled, gossamer
a: Recall Ancestor, Ancestor Identity, Transference, Idealise, Renounce Religion


You were on level 3 of the Depths.
You worshipped Hepliaklqana.
Hepliaklqana was exalted by your worship.
You were not hungry.

You visited 9 branches of the dungeon, and saw 43 of its levels.
You visited the Abyss 1 time.
You visited 1 bazaar.
You also visited: Gauntlet and Wizlab.

You collected 7447 gold pieces.
You spent 2721 gold pieces at shops.

Inventory:

Hand Weapons
 R - a +9 vampiric demon trident (weapon)
 V - the +10 spear of Popular Demand {flame, rC+ Stlth+}
   (You found it on level 10 of the Dungeon)

   It has been specially enchanted to burn those struck by it, causing extra
   injury to most foes and up to half again as much damage against particularly
   susceptible opponents.
   It protects you from cold.
   It makes you more stealthy.
Armour
 a - the +4 moon troll leather armour (worn) {Spirit, Regen++ MP+5}
   (You bought it in a shop on level 2 of the Orcish Mines)

   It affects your magic capacity (+5).
   It increases your rate of regeneration.
 w - the -2 hat of the Alchemist (worn) {rElec rPois rF+ rC+ rN+ MR+ rMut rCorr}
   (You found it in a wizard's laboratory)

   It protects you from fire.
   It protects you from cold.
   It insulates you from electricity.
   It protects you from poison.
   It protects you from negative energy.
   It affects your resistance to hostile enchantments.
   It provides partial protection from all sources of acid and corrosion.
   It protects you from mutation.
 z - a +2 pair of gloves (worn)
 F - the +2 pair of boots of the Assassin (worn) {Detection Stab+ Stlth++}
   (You acquired it on level 3 of the Elven Halls)

   It makes you much more stealthy.
 K - a +2 cloak (worn)
 P - a +2 shield of fire resistance (worn)
Jewellery
 i - the ring "Ymueruw" (right hand) {rC+ rN+ AC+2 Int+2 Dex+2}
   (You found it on level 4 of the Spider Nest)

   [ring of protection]

   It affects your AC (+2).
   It affects your intelligence (+2).
   It affects your dexterity (+2).
   It protects you from cold.
   It protects you from negative energy.
 u - the ring "Zicats" {+Fly rN+ MR+}
   (You found it on level 4 of the Shoals)

   [ring of protection from magic]

   It protects you from negative energy.
   It affects your resistance to hostile enchantments.
   It lets you fly.
 A - the ring of Modass (left hand) {rElec rPois MR++ Str-4}
   (You bought it in a shop in a bazaar)

   [ring of poison resistance]

   It affects your strength (-4).
   It insulates you from electricity.
   It protects you from poison.
   It affects your resistance to hostile enchantments.
 H - an uncursed ring of resist corrosion
 I - an amulet of regeneration (around neck)
 U - the ring of Zipt {rF+ MP+9 Dex+3}
   (You found it on level 2 of the Depths)

   [ring of magical power]

   It affects your dexterity (+3).
   It protects you from fire.
   It affects your magic capacity (+9).
 W - the ring of Midwinter {+Fly rF+ rN+ MP-9 Slay+2}
   (You found it on level 11 of the Dungeon)

   [ring of flight]

   It affects your accuracy and damage with ranged weapons and melee attacks
   (+2).
   It protects you from fire.
   It protects you from negative energy.
   It affects your magic capacity (-9).
   It lets you fly.
Wands
 E - a wand of clouds (7)
 G - a wand of digging (17)
 L - a wand of scattershot (19)
 N - a wand of iceblast (39)
 Z - a wand of acid (21)
Scrolls
 b - a scroll of brand weapon
 g - 15 scrolls of enchant weapon
 l - 2 scrolls of blinking
 m - 13 scrolls of remove curse
 n - 10 scrolls of immolation
 p - 3 scrolls of magic mapping
 r - 4 scrolls of identify
 s - 12 scrolls of teleportation
 t - 3 scrolls of enchant armour
 v - 6 scrolls of fog
 y - 3 scrolls of holy word
 O - 8 scrolls of summoning
 X - 5 scrolls of fear
Potions
 c - 6 potions of might
 d - 9 potions of curing
 e - 5 potions of flight
 h - 17 potions of mutation
 j - 5 potions of heal wounds
 k - 4 potions of cancellation
 o - 6 potions of agility
 q - 11 potions of brilliance
 B - 9 potions of haste
 C - 8 potions of ambrosia
 J - 3 potions of resistance
 Q - 2 potions of berserk rage
 T - a potion of invisibility
 Y - 2 potions of magic
Miscellaneous
 S - a phial of floods
Comestibles
 f - 49 rations
 x - 5 chunks of flesh


   Skills:
 + Level 24.1(23.9) Fighting
 - Level 16.2(16.0) Polearms
 - Level 1.0(0.8) Throwing
 - Level 3.6(3.5) Armour
 + Level 23.2(22.9) Dodging
 + Level 16.6(16.4) Stealth
 - Level 15.2(15.0) Shields
 - Level 7.0(6.8) Unarmed Combat
 - Level 4.7(4.6) Spellcasting
 - Level 6.0(5.8) Charms
 - Level 14.0(13.8) Necromancy
   Level 2.4(2.2) Translocations
 - Level 11.0(10.8) Invocations
 - Level 6.0(5.8) Evocations


You had 30 spell levels left.
You knew the following spells:

 Your Spells              Type           Power        Failure   Level  Hunger
a - Regeneration          Chrm/Necr      ####......   1%          3    ###....

Your spell library contained the following spells:

 Spells                   Type           Power        Failure   Level  Hunger
 Animate Skeleton         Necr           N/A          1%          1    None
 Pain                     Necr           ####         1%          1    None
 Corpse Rot               Necr           N/A          1%          2    ##.....
 Sublimation of Blood     Necr           #####.....   1%          2    ##.....
 Vampiric Draining        Necr           #####.....   1%          3    ###....
 Agony                    Necr           #####...     1%          5    ######.
 Dispel Undead            Necr           #####...     1%          5    ######.
 Shroud of Golubria       Chrm/Tloc      ###.......   6%          2    ##.....
 Apportation              Tloc           ##....       8%          1    None
 Excruciating Wounds      Chrm/Necr      ####......   10%         5    ######.
 Death Channel            Necr           #####.....   11%         6    #######
 Blink                    Tloc           N/A          12%         2    ##.....
 Beastly Appendage        Tmut           #.....       21%         1    None
 Confusing Touch          Hex            #.....       21%         1    None
 Corona                   Hex            #......      21%         1    None
 Flame Tongue             Conj/Fire      #....        21%         1    None
 Freeze                   Ice            #...         21%         1    None
 Magic Dart               Conj           #...         21%         1    None
 Sting                    Conj/Pois      #...         21%         1    None
 Summon Small Mammal      Summ           #...         21%         1    None
 Gell's Gravitas          Tloc           ##........   24%         3    ###....
 Lesser Beckoning         Tloc           ##........   24%         3    ###....
 Teleport Other           Tloc           ##......     24%         3    ###....
 Call Imp                 Summ           #.......     30%         2    ##.....
 Ensorcelled Hibernation  Hex/Ice        #.....       30%         2    ##.....
 Passwall                 Tmut/Erth      #.......     30%         2    ##.....
 Poisonous Vapours        Pois/Air       #.....       30%         2    ##.....
 Searing Ray              Conj           #.....       30%         2    ##.....
 Sticks to Snakes         Tmut           #.......     30%         2    ##.....
 Throw Frost              Conj/Ice       #.....       30%         2    ##.....
 Bolt of Draining         Conj/Necr      ###.......   32%         5    ######.
 Borgnjor's Vile Clutch   Necr/Erth      ###.......   32%         5    ######.
 Recall                   Summ/Tloc      N/A          36%         3    ###....
 Call Canine Familiar     Summ           #.......     52%         3    ###....
 Confuse                  Hex            #.......     52%         3    ###....
 Dazzling Spray           Conj/Hex       #.....       52%         3    ###....
 Ignite Poison            Fire/Tmut/Pois #.......     52%         3    ###....
 Inner Flame              Hex/Fire       #.......     52%         3    ###....
 Mephitic Cloud           Conj/Pois/Air  #.......     52%         3    ###....
 Spider Form              Tmut/Pois      #.........   52%         3    ###....
 Stone Arrow              Conj/Erth      #.....       52%         3    ###....
 Summon Guardian Golem    Hex/Summ       #.......     52%         3    ###....
 Tukima's Dance           Hex            #.......     52%         3    ###....
 Passage of Golubria      Tloc           N/A          61%         4    ####...
 Force Lance              Conj/Tloc      #.......     77%         4    ####...
 Simulacrum               Ice/Necr       ###.......   88%         6    #######
 Airstrike                Air            #.........   90%         4    ####...
 Fulminant Prism          Conj/Hex       #.........   90%         4    ####...
 Ice Form                 Ice/Tmut       #.......     90%         4    ####...
 Iskenderun's Mystic Bla  Conj           #.......     90%         4    ####...
 Olgreb's Toxic Radiance  Pois           #.......     90%         4    ####...
 Petrify                  Tmut/Erth      #.......     90%         4    ####...
 Sticky Flame             Conj/Fire      #.......     90%         4    ####...
 Summon Ice Beast         Ice/Summ       #.......     90%         4    ####...
 Summon Lightning Spire   Summ/Air       #.......     90%         4    ####...
 Alistair's Intoxication  Tmut/Pois      #.......     99%         5    ######.
 Aura of Abjuration       Summ           #.........   99%         5    ######.
 Blade Hands              Tmut           #.........   99%         5    ######.
 Bolt of Magma            Conj/Fire/Erth #.........   99%         5    ######.
 Fireball                 Conj/Fire      #.........   99%         5    ######.
 Irradiate                Conj/Tmut      #.........   99%         5    ######.
 Metabolic Englaciation   Hex/Ice        #.........   99%         5    ######.
 Silence                  Hex/Air        #.........   99%         5    ######.
 Summon Mana Viper        Hex/Summ       #.......     99%         5    ######.
 Venom Bolt               Conj/Pois      #.........   99%         5    ######.
 Yara's Violent Unravell  Hex/Tmut       #.........   99%         5    ######.
 Bolt of Cold             Conj/Ice       #.........   100%        6    #######
 Bolt of Fire             Conj/Fire      #.........   100%        6    #######
 Conjure Ball Lightning   Conj/Air       #.........   100%        6    #######
 Darkness                 Hex            #.........   100%        6    #######
 Deflect Missiles         Chrm/Air       ##........   100%        6    #######
 Freezing Cloud           Conj/Ice/Air   #.........   100%        6    #######
 Hydra Form               Tmut           #.........   100%        6    #######
 Ozocubu's Refrigeration  Ice            #.........   100%        6    #######
 Shadow Creatures         Summ           N/A          100%        6    #######
 Statue Form              Tmut/Erth      #........    100%        6    #######
 Dragon Form              Tmut           #.........   100%        7    #######
 Malign Gateway           Summ/Tloc      #.........   100%        7    #######
 Ring of Flames           Chrm/Fire      ##........   100%        7    #######
 Ignition                 Fire           #.........   100%        8    #######
 Tornado                  Air            #.........   100%        9    #######


Dungeon Overview and Level Annotations

Branches:
Dungeon (15/15)            Temple (1/1) D:4            Lair (6/6) D:9
 Shoals (4/4) Lair:3       Spider (4/4) Lair:4        Slime (0/5) Lair:6
    Orc (2/2) D:9             Elf (3/3) Orc:2        Vaults (4/5) D:13
  Crypt (0/3) Vaults:2     Depths (4/5) D:15

Altars:
Ashenzari
Cheibriados
Dithmenos
Elyvilon
Fedhas
Gozag
Hepliaklqana
Kikubaaqudgha
Makhleb
Nemelex Xobeh
Okawaru
Qazlal
Ru
Sif Muna
Trog
Uskayaw
Vehumet
Wu Jian
Xom
Yredelemnul
Zin
The Shining One

Shops:
D:4 [   D:9 *   D:10 *   D:13 *:!!   Orc:2 ?*[*   Elf:1 *   Elf:2 [:[?
Shoals:4 !=   Vaults:1 =   Vaults:3 [   Vaults:4 :   Depths:2 =}}*

Portals:
Hell: Depths:1 Depths:2 Depths:4
Abyss: Depths:3 Depths:4
Pandemonium: Depths:3 Depths:4
Ziggurat: Depths:4

Annotations:
D:9 2 transporters, DungeonDestroyer's ghost, novice MiFi
Lair:6 exclusion: 3 oklob plants
Orc:2 1 runed translucent door
Elf:1 6 runed translucent doors
Elf:2 3 runed translucent doors
Depths:1 3 runed translucent doors


Message History

You shrug off the repeated paralysis!
The deep troll bites you. The deep troll claws you. The deep troll claws you!
* * * LOW HITPOINT WARNING * * *
The deep troll earth mage bites you!
* * * LOW HITPOINT WARNING * * *
The deep troll earth mage claws you!
* * * LOW HITPOINT WARNING * * *
The deep troll earth mage claws you.
* * * LOW HITPOINT WARNING * * *
NU ZDAROVA EPTU gestures at the deep troll earth mage while chanting.
The Ice Fiend claws you but does no damage. x2
The lich touches you.
* * * LOW HITPOINT WARNING * * *
You partially resist.
You feel drained. Something hits you but does no damage.
The deep troll earth mage bites you!
* * * LOW HITPOINT WARNING * * *
The deep troll earth mage claws you but does no damage. x2
The deep troll bites you but does no damage.
The deep troll barely misses you. The deep troll claws you.
You die...

..()######........#
..### ###......#
.## ##.....# .#
#....^# #####
########....#
###)###....###....#
##(?##......##R...#
##..##..##..##.{1.#
##..##..##..##.L@.#
##..##.(##..##.TTG#
##..##.(##..##....#
##..##..##..##....#
##..##.)##..##..HT#
##..##..##..##..T.#
##..##..##()##....#
##..##..##.(##....#
##..##..##.(#


You could see the friendly NU ZDAROVA EPTU the hexer, an Ice Fiend, a sphinx, a
lich, 2 deep trolls, 2 deep troll earth magi and a floating eye.

Vanquished Creatures
  An ancient lich (Depths:1)
  Frederick (Depths:4)
  A caustic shrike (Depths:4)
  A mutant beast (WizLab)
  3 golden dragons (Depths:4)
  Arachne (Spider:3)
  7 liches
  2 tentacled monstrosities
  A titan (Depths:3)
  A quicksilver dragon (Depths:2)
  A deep elf master archer (Elf:3)
  A deep elf blademaster (Elf:3)
  5 sphinxes
  4 tengu reavers
  4 shadow dragons
  Frances (Elf:1)
  Gastronok (Lair:3)
  A storm dragon (Depths:4)
  13 fire giants
  2 ghost moths (Spider:4)
  2 iron dragons
  6 deep elf sorcerers
  A balrug (Depths:1)
  8 frost giants
  8 vault wardens
  3 deep elf elementalists (Elf:3)
  Louise (D:15)
  13 ironheart preservers
  A war gargoyle (Vaults:4)
  3 emperor scorpions (Spider:4)
  2 spriggan defenders
  16 very ugly things
  28 stone giants
  3 entropy weavers
  5 vampire knights
  6 deep elf annihilators
  5 deep elf demonologists
  2 spark wasps (Depths:3)
  A minotaur (Gauntlet)
  12 ettins
  Snorg (Orc:1)
  A crystal guardian (Vaults:1)
  5 deep elf death magi
  8 merfolk impalers
  4 deep elf high priests
  9 fire dragons
  3 merfolk javelineers
  7 great orbs of eyes
  9 yaktaur captains
  18 ogre magi
  15 ice dragons
  5 rakshasas
  11 hydras
  Harold (D:8)
  7 vault guards
  A spriggan air mage (Depths:2)
  3 merfolk avatars
  3 catoblepae
  2 satyrs
  13 centaur warriors
  An anaconda (shapeshifter) (Vaults:4)
  13 dancing weapons
  2 death knights
  An alligator snapping turtle (Shoals:4)
  5 deep troll shamans
  6 death scarabs (Spider:4)
  2 merfolk aquamancers (Shoals:4)
  5 tengu warriors
  33 two-headed ogres
  6 death yaks (Lair:6)
  11 deep troll earth magi
  4 spriggan berserkers
  7 vampire magi
  2 sun demons (Depths:1)
  A titan skeleton (Depths:2)
  Urug (D:11)
  A shock serpent (shapeshifter) (Depths:1)
  9 hell knights
  17 deep elf knights
  5 iron trolls
  A salamander mystic (Depths:1)
  4 fire crabs (shapeshifter) (WizLab)
  A skeletal warrior (Depths:1)
  2 shadow wraiths
  A sea snake (shapeshifter) (Depths:4)
  3 unseen horrors
  33 deep trolls
  4 phantasmal warriors
  4 sea snakes
  2 golden dragon zombies
  3 glowing orange brains
  8 wizards
  4 spectral wolf spiders (Spider:4)
  34 harpies
  A wolf spider zombie (Spider:4)
  12 ironbrand convokers
  A shadow dragon zombie (Depths:1)
  9 deep elf archers
  A lindwurm (Lair:6)
  A flayed ghost (Depths:1)
  11 orb spiders
  Pikel (D:6)
  5 necromancers
  10 orc knights
  A fire giant zombie (Depths:1)
  A mana viper (shapeshifter) (Depths:2)
  2 harpies (shapeshifter) (WizLab)
  19 wolf spiders
  61 ugly things
  7 cyclopes
  2 salamanders (shapeshifter) (WizLab)
  55 deep elf magi
  2 moths of wrath
  A stone giant zombie (Vaults:1)
  4 orc sorcerers
  18 manticores
  21 fauns
  2 elephants (shapeshifter)
  A cyclops (shapeshifter) (Depths:2)
  3 salamanders (Depths:1)
  5 elephants
  12 vault sentinels
  A fire giant skeleton (Depths:1)
  7 merfolk sirens
  A guardian serpent (shapeshifter) (WizLab)
  A black mamba (Lair:2)
  6 naga magi
  3 gargoyles
  An ice statue (Elf:1)
  5 water nymphs
  A titan simulacrum (Depths:2)
  A smoke demon (Depths:2)
  A spiny frog (shapeshifter) (WizLab)
  5 freezing wraiths
  2 spectral redbacks (Spider:4)
  A yaktaur (shapeshifter) (Depths:2)
  5 spiny frogs
  45 yaktaurs
  10 demonic crawlers
  6 komodo dragons
  A human skeleton (Vaults:1)
  6 tengu conjurers
  3 hellwings (Depths:2)
  A redback zombie (Spider:4)
  5 jumping spiders (shapeshifter)
  8 trolls
  46 jumping spiders
  26 merfolk
  3 meliai (Spider:3)
  2 meliai (shapeshifter)
  A polar bear (Lair:6)
  A wind drake (shapeshifter) (Depths:1)
  A troll (shapeshifter) (WizLab)
  A hornet (shapeshifter) (Vaults:3)
  13 hornets
  A queen bee (shapeshifter) (Depths:2)
  2 polar bears (shapeshifter) (WizLab)
  5 spectral jumping spiders (Spider:4)
  29 slime creatures
  A raiju (shapeshifter) (Depths:2)
  A spectral tarantella (Spider:4)
  4 wind drakes
  2 blink frogs (shapeshifter)
  10 hippogriffs
  A hippogriff (shapeshifter) (Vaults:4)
  2 tarantella zombies (Spider:4)
  9 dream sheep
  2 jumping spider zombies (Spider:4)
  8 blink frogs (Lair:6)
  4 snapping turtles
  54 redbacks
  A fire dragon skeleton (Depths:1)
  3 large abominations (WizLab)
  Sigmund (D:2)
  An air elemental (Elf:3)
  31 tarantellas
  A redback (shapeshifter) (Depths:3)
  A yak (shapeshifter) (WizLab)
  10 spriggans
  A wyvern (shapeshifter) (Vaults:4)
  3 wyverns
  Eustachio (D:6)
  2 wraiths
  5 basilisks
  A golden eye (shapeshifter) (Vaults:2)
  6 water elementals
  A human (shapeshifter) (Vaults:1)
  39 yaks
  A fire elemental (Elf:3)
  A vampire (Depths:2)
  Grum (D:8)
  Edmund (D:5)
  5 wargs
  A soldier ant (D:12)
  A naga (shapeshifter) (WizLab)
  9 water moccasins
  6 acid dragons
  2 spectral hornets (Spider:4)
  4 porcupines
  5 hell hounds (Elf:3)
  A floating eye (shapeshifter) (WizLab)
  4 floating eyes
  An eye of draining (D:12)
  A hornet zombie (D:12)
  36 orc warriors
  2 black bears (Lair:6)
  A black bear (shapeshifter) (Depths:2)
  An ogre skeleton (Vaults:1)
  3 ice beasts
  An ogre (shapeshifter) (Depths:4)
  4 sky beasts
  12 small abominations
  12 boggarts
  23 ogres
  6 phantoms
  6 wolves
  35 centaurs
  7 crocodiles
  Blork the orc (D:6)
  3 big kobolds
  12 bullfrogs
  2 earth elementals
  A gnoll sergeant (D:8)
  2 yaktaur skeletons (Vaults:1)
  8 scorpions
  2 human simulacra
  8 wights
  7 howler monkeys
  An electric eel (Lair:6)
  6 crimson imps
  5 centaur zombies
  A bullfrog zombie (D:9)
  A quasit (D:6)
  16 hounds
  3 jellies
  14 orc priests
  2 bullfrog skeletons
  19 orc wizards
  8 centaur skeletons
  9 hexers
  5 iguanas
  13 worker ants
  A hound zombie (D:8)
  2 hound skeletons
  A howler monkey zombie (D:4)
  A worker ant zombie (D:8)
  3 gnolls (D:8)
  9 adders
  5 shadow imps
  2 white imps (Gauntlet)
  2 adder skeletons
  A worm (D:3)
  7 dart slugs
  11 leopard geckos
  81 orcs
  9 bats
  5 giant cockroaches
  8 hobgoblins
  7 jackals
  3 quokkas
  4 ball pythons
  8 frilled lizards
  9 goblins
  A jackal skeleton (D:5)
  23 kobolds
  A quokka zombie (D:5)
  3 rats (D:1)
  2 crawling corpses (Elf:3)
  2 plants
1825 creatures vanquished.

Vanquished Creatures (collateral kills)
  A deep elf master archer (Elf:3)
  2 deep elf blademasters (Elf:3)
  3 frost giants
  An emperor scorpion (Spider:4)
  2 deep elf elementalists (Elf:3)
  2 ironheart preservers (Vaults:2)
  A stone giant (Depths:2)
  A very ugly thing (Vaults:3)
  A vampire knight (Depths:2)
  An entropy weaver (Spider:2)
  A deep elf demonologist (Elf:3)
  3 deep elf annihilators (Elf:3)
  A deep elf death mage (Elf:3)
  A fire dragon (Depths:4)
  A yaktaur captain (Vaults:3)
  A great orb of eyes (Vaults:2)
  A hydra (Elf:3)
  A spriggan air mage (Depths:4)
  An anaconda (shapeshifter) (Elf:1)
  A deep troll shaman (Depths:1)
  4 two-headed ogres
  2 death scarabs (Spider:4)
  2 death yaks (Lair:6)
  An orc high priest (Elf:1)
  3 spriggan berserkers
  An iron golem (WizLab)
  A spriggan (Depths:4)
  3 deep elf knights
  2 skeletal warriors (Depths:1)
  3 deep trolls
  An unseen horror (shapeshifter) (WizLab)
  A wizard (Depths:4)
  2 sea snakes
  A phantasmal warrior (Depths:3)
  A glowing orange brain (Depths:4)
  2 ironbrand convokers
  7 deep elf magi
  3 orb spiders
  2 harpies
  4 ugly things
  A cyclops (D:15)
  A manticore (Lair:3)
  3 wolf spiders
  A frost giant skeleton (Depths:1)
  2 vault sentinels
  Psyche (D:8)
  3 komodo dragons
  A spiny frog (shapeshifter) (WizLab)
  7 yaktaurs
  A demonic crawler (Spider:4)
  4 merfolk (Shoals:4)
  A hornet (Depths:4)
  A queen bee (shapeshifter) (Vaults:4)
  A spectral tarantella (Spider:4)
  A hexer (Vaults:3)
  2 jumping spiders
  Prince Ribbit (D:6)
  3 slime creatures
  A hippogriff (Lair:5)
  A blink frog (Lair:6)
  A hippogriff (shapeshifter) (Vaults:4)
  4 dream sheep
  An air elemental (Elf:2)
  6 yaks
  A spriggan (shapeshifter) (WizLab)
  2 water elementals
  3 tarantellas
  11 redbacks
  2 fire elementals
  A golden eye (shapeshifter) (WizLab)
  A hungry ghost (D:9)
  A steam dragon (D:8)
  A hell hound (Elf:3)
  4 large abominations (WizLab)
  A floating eye (WizLab)
  A hornet zombie (Spider:4)
  A sky beast (D:12)
  4 orc warriors
  A phantom (D:6)
  A boggart (Vaults:2)
  An ogre (D:7)
  A wolf (D:8)
  2 centaurs
  2 crocodiles
  2 bullfrogs (D:9)
  An earth elemental (Elf:1)
  A scorpion (D:9)
  A bullfrog zombie (D:5)
  A quasit (D:6)
  A hound (D:5)
  7 orc wizards
  A bullfrog skeleton (D:10)
  An iguana (D:5)
  2 gnolls (D:8)
  A shadow imp (D:5)
  An adder skeleton (D:7)
  15 orcs
  A jackal (D:7)
  A crawling corpse (Elf:3)
  A fungus (Lair:6)
  3 plants
205 creatures vanquished.

Vanquished Creatures (others)
  Nikola (Shoals:1)
  An eldritch tentacle (Depths:2)
  2 fire giants
  A two-headed ogre (Vaults:3)
  An unseen horror (Vaults:1)
  A necromancer (Depths:2)
  2 deep elf magi (Elf:1)
  An ugly thing (Depths:2)
  A yaktaur (D:15)
  A vampire (Depths:2)
  4 slaves (D:6)
  2 ogres
  A boggart (Depths:1)
  2 centaurs (D:14)
  A bullfrog (Lair:5)
  An electric eel (Elf:1)
  75 hexers
  4 ancestors
  An adder skeleton (D:6)
  16 fungi
  21 plants
  6 withered plants (Gauntlet)
146 creatures vanquished.

Grand Total: 2176 creatures vanquished

Notes
Turn   | Place    | Note
-------+----------+-------------------------------------------
     0 | D:1      | feelmyfire the Merfolk Warper began the quest for the Orb.
     0 | D:1      | Reached XP level 1. HP: 16/16 MP: 3/3
    22 | D:1      | Reached XP level 2. HP: 23/23 MP: 5/5
   403 | D:1      | Reached XP level 3. HP: 16/28 MP: 6/6
   883 | D:2      | Found a faded altar of an unknown god.
  1064 | D:2      | Reached skill level 3 in Fighting
  1064 | D:2      | Reached XP level 4. HP: 22/35 MP: 7/7
  1101 | D:2      | Reached skill level 5 in Polearms
  1498 | D:2      | Noticed Sigmund
  2098 | D:2      | Killed Sigmund
  2098 | D:2      | Reached XP level 5. HP: 30/42 MP: 8/8
  2098 | D:2      | Reached XP level 6. HP: 34/48 MP: 9/9
  2555 | D:3      | Reached skill level 4 in Fighting
  2900 | D:3      | Found an iron altar of Okawaru.
  2905 | D:3      | Found a shattered altar of Ashenzari.
  3266 | D:3      | Reached skill level 5 in Dodging
  3522 | D:3      | Found an opulent altar of Gozag.
  3524 | D:3      | Found a burning altar of Makhleb.
  3646 | D:4      | HP: 1/49 [hound (5)]
  3649 | D:4      | Reached XP level 7. HP: 10/55 MP: 10/10
  4031 | D:4      | Found a staircase to the Ecumenical Temple.
  4038 | Temple   | Entered the Ecumenical Temple
  4044 | Temple   | Became a worshipper of Hepliaklqana the Forgotten
  4081 | D:4      | Found Roroiff's Antique Armour Emporium.
  4423 | D:4      | Bought a pair of embroidered gloves for 202 gold pieces
  4730 | D:5      | Entered Level 5 of the Dungeon
  5009 | D:5      | Noticed Edmund
  5013 | D:5      | Reached skill level 5 in Fighting
  5038 | D:5      | HP: 1/50 [Edmund/+5 flail of protection (8)]
  5057 | D:5      | Killed Edmund
  5057 | D:5      | Reached XP level 8. HP: 5/55 MP: 11/11
  5623 | D:5      | Reached skill level 10 in Polearms
  5638 | D:5      | Reached * piety under Hepliaklqana
  6100 | D:5      | Reached skill level 6 in Fighting
  6271 | D:6      | Noticed Prince Ribbit
  6293 | D:6      | Killed Prince Ribbit
  6293 | D:6      | Reached skill level 1 in Evocations
  6393 | D:6      | Reached XP level 9. HP: 63/63 MP: 12/12
  6452 | D:6      | Noticed Blork the orc
  6462 | D:6      | Noticed Eustachio
  6695 | D:6      | Noticed Pikel
  6712 | D:6      | Killed Pikel
  7313 | D:6      | Reached skill level 7 in Fighting
  7467 | D:6      | Killed Blork the orc
  7774 | D:6      | Killed Eustachio
  8123 | D:6      | Reached XP level 10. HP: 38/71 MP: 13/13
  8555 | D:7      | Reached ** piety under Hepliaklqana
  8556 | D:7      | Remembered your ancestor NU ZDAROVA EPTU as a hexer
  8787 | D:8      | Noticed Psyche
  8798 | D:8      | Killed Psyche
  8892 | D:8      | Reached skill level 8 in Fighting
  8945 | D:8      | Noticed a two-headed ogre
  8960 | D:8      | Killed a two-headed ogre
  9210 | D:8      | Noticed Harold
  9259 | D:8      | Killed Harold
  9259 | D:8      | Reached skill level 10 in Dodging
  9259 | D:8      | Reached skill level 5 in Evocations
 10265 | D:8      | Noticed Grum
 10271 | D:8      | Reached XP level 11. HP: 78/78 MP: 14/14
 10288 | D:8      | Killed Grum
 10526 | D:9      | Noticed a two-headed ogre
 10530 | D:9      | Noticed DungeonDestroyer's ghost (novice MiFi)
 10531 | D:9      | Noticed a moth of wrath
 10531 | D:9      | Noticed a two-headed ogre
 10532 | D:9      | Found a transporter.
 10539 | D:9      | Noticed a deep troll
 10541 | D:9      | Found a transporter.
 10546 | D:9      | Found a bloodstained altar of Trog.
 10558 | D:9      | Noticed a two-headed ogre
 10661 | D:9      | Found Zemopihi's Mass Market.
 10985 | D:9      | Found a staircase to the Orcish Mines.
 11034 | D:9      | Found a staircase to the Lair.
 11050 | D:9      | Reached skill level 15 in Polearms
 11285 | D:9      | Identified the +9 flail of the Fox {antimagic, rF- rC+
                  | SInv}
 11285 | D:9      | Noticed a tengu warrior
 11312 | D:9      | Killed a two-headed ogre
 11312 | D:9      | Reached skill level 9 in Fighting
 11353 | D:9      | Reached *** piety under Hepliaklqana
 11518 | D:10     | Entered Level 10 of the Dungeon
 11524 | D:10     | You fall through a shaft for 3 floors!
 11581 | D:12     | Noticed a death knight
 11635 | D:13     | Noticed a centaur warrior
 11657 | D:13     | Killed a centaur warrior
 11902 | D:12     | Killed an unseen horror
 12479 | D:11     | Noticed Urug
 12498 | D:11     | Killed Urug
 12498 | D:11     | Reached skill level 1 in Invocations
 12724 | D:10     | Found Ykkirphya's General Store.
 12732 | D:10     | Reached XP level 12. HP: 65/87 MP: 16/16
 12745 | D:10     | Bought a scroll of enchant armour for 127 gold pieces
 12745 | D:10     | Bought a scroll of identify for 34 gold pieces
 12745 | D:10     | Bought a scroll of identify for 34 gold pieces
 13161 | D:10     | Reached skill level 10 in Fighting
 13197 | D:10     | Paralysed by a hornet for 3 turns
 13697 | D:10     | Reached **** piety under Hepliaklqana
 13707 | D:10     | Got a shimmering halberd
 13708 | D:10     | Identified the +2 halberd "Mexeroc" {protect, *Drain +Fly
                  | MR+} (You found it on level 10 of the Dungeon)
 13712 | D:10     | Got an ancient spear
 13713 | D:10     | Identified the +10 spear of Popular Demand {flame, rC+
                  | Stlth+} (You found it on level 10 of the Dungeon)
 13803 | D:11     | Got a transparent platinum ring
 13899 | D:11     | Identified the ring of Midwinter {+Fly rF+ rN+ MP-9 Slay+2}
                  | (You found it on level 11 of the Dungeon)
 13996 | D:11     | Reached skill level 5 in Invocations
 14412 | D:12     | Killed a death knight
 14742 | Lair:1   | Entered Level 1 of the Lair of Beasts
 15184 | Lair:2   | Noticed a seven-headed hydra
 15188 | Lair:2   | Killed a seven-headed hydra
 15469 | Lair:2   | Reached skill level 11 in Fighting
 15802 | Lair:2   | Reached XP level 13. HP: 95/95 MP: 10/19
 16292 | Lair:3   | Reached ***** piety under Hepliaklqana
 16394 | Lair:3   | Got a pair of transparent boots
 16411 | Lair:3   | Identified the +2 pair of boots of Tejoedi {rElec} (You
                  | found it on level 3 of the Lair of Beasts)
 16457 | Lair:3   | Noticed Gastronok
 16477 | Lair:3   | Killed Gastronok
 16569 | Lair:3   | Found a staircase to the Shoals.
 16834 | Lair:3   | Got a bloodstained scale mail
 16845 | Lair:3   | Identified the cursed +0 scale mail of the Realm of Zot
                  | {Dex+3} (You found it on level 3 of the Lair of Beasts)
 17001 | Lair:4   | Found a gate leading to a gauntlet.
 17026 | Gauntlet | Entered a Gauntlet
 17026 | Gauntlet | Found a transporter.
 17026 | Gauntlet | Found a transporter.
 17030 | Gauntlet | Found a transporter.
 17030 | Gauntlet | Found a transporter.
 17032 | Gauntlet | Found a large runed translucent door.
 17033 | Gauntlet | Found a large runed translucent door.
 17034 | Gauntlet | Found a large runed translucent door.
 17034 | Gauntlet | Found a large runed translucent door.
 17034 | Gauntlet | Found a runed translucent door.
 17035 | Gauntlet | Found a large runed translucent door.
 17036 | Gauntlet | Found a large runed translucent door.
 17037 | Gauntlet | Found a large runed translucent door.
 17037 | Gauntlet | Found a large runed translucent door.
 17038 | Gauntlet | Found a runed translucent gate.
 17045 | Gauntlet | Found a transporter.
 17050 | Gauntlet | Found a transporter.
 17050 | Gauntlet | Found a transporter.
 17050 | Gauntlet | Noticed a great orb of eyes
 17072 | Gauntlet | Found a transporter.
 17074 | Gauntlet | Found a runed translucent gate.
 17074 | Gauntlet | Found a runed translucent gate.
 17076 | Gauntlet | Found a large runed translucent door.
 17077 | Gauntlet | Found a large runed translucent door.
 17079 | Gauntlet | Found a transporter.
 17091 | Gauntlet | Found a transporter.
 17098 | Gauntlet | Found a runed translucent door.
 17107 | Gauntlet | Found a large runed translucent door.
 17107 | Gauntlet | Found a large runed translucent door.
 17107 | Gauntlet | Found a large runed translucent door.
 17107 | Gauntlet | Found a large runed translucent door.
 17108 | Gauntlet | Found a large runed translucent door.
 17109 | Gauntlet | Found a large runed translucent door.
 17111 | Gauntlet | Found a transporter.
 17121 | Gauntlet | Found a transporter.
 17167 | Gauntlet | Found a transporter.
 17189 | Gauntlet | Found a transporter.
 17283 | Gauntlet | Found a transporter.
 17299 | Gauntlet | Found a transporter.
 17495 | Gauntlet | Reached skill level 10 in Invocations
 17582 | Gauntlet | Killed a great orb of eyes
 17610 | Gauntlet | Reached skill level 12 in Fighting
 17897 | Gauntlet | Identified the +6 quarterstaff "Yxkuot" {elec, rF+ MR-
                  | Stlth+}
 17897 | Gauntlet | Noticed a minotaur
 17910 | Gauntlet | Killed a minotaur
 18458 | Lair:4   | Found a hole to the Spider Nest.
 18800 | Lair:5   | Reached skill level 15 in Dodging
 18901 | Lair:5   | Reached skill level 13 in Fighting
 18987 | Lair:5   | Reached XP level 14. HP: 106/106 MP: 12/21
 19190 | Lair:6   | Entered Level 6 of the Lair of Beasts
 19362 | Lair:6   | Found a staircase to the Slime Pits.
 20706 | Lair:6   | Reached skill level 14 in Fighting
 21058 | Lair:6   | Got a heavily runed buckler
 21078 | Lair:6   | Identified the +3 buckler of the Worm {Int+4 Dex+2} (You
                  | found it on level 6 of the Lair of Beasts)
 21706 | D:13     | Found Ugockaom's Distillery.
 21709 | D:13     | Bought a potion of flight for 39 gold pieces
 21741 | D:13     | Reached skill level 1 in Armour
 21815 | D:13     | Found Keeloabo's Book Emporium.
 22033 | D:13     | Found Rofasuti's Assorted Antiques.
 22041 | D:13     | Bought a potion of heal wounds for 155 gold pieces
 22163 | D:13     | Reached skill level 1 in Unarmed Combat
 22389 | D:13     | Found a gate to the Vaults.
 22456 | D:13     | Found Duclixy's Distillery.
 22471 | D:13     | Reached XP level 15. HP: 107/114 MP: 14/23
 23719 | D:14     | Found a deep blue altar of Sif Muna.
 24432 | D:14     | Identified Reirull's Grimoire of Unholy Weightlessness
 24456 | D:14     | Identified the Papyrus of the Lonely Planets
 24494 | D:14     | Reached skill level 15 in Fighting
 24517 | D:14     | Identified Uxeihavo's Tome of the Boosting Glacier
 24519 | D:14     | Identified Waocs's Guide on Evil Rituals
 24529 | D:14     | Identified the Catalogue of the Hidden Vale
 24579 | D:14     | Noticed a deep elf sorcerer
 24592 | D:14     | Cast into level 3 of the Abyss (a deep elf sorcerer)
 24648 | Abyss:3  | Found a corrupted altar of Lugonu.
 24654 | D:14     | Escaped the Abyss
 24927 | D:14     | Learned a level 3 spell: Regeneration
 24937 | D:15     | Entered Level 15 of the Dungeon
 24994 | D:15     | Reached skill level 1 in Necromancy
 25027 | D:15     | Reached skill level 1 in Charms
 25046 | D:15     | Reached skill level 5 in Unarmed Combat
 25264 | D:15     | Found a staircase to the Depths.
 25455 | D:15     | Got a slimy plate armour
 25466 | D:15     | Identified the +2 plate armour of Gehenna {rC+ Str+4 Dex+4}
                  | (You found it on level 15 of the Dungeon)
 25490 | D:15     | Noticed Louise
 25528 | D:15     | Killed Louise
 25688 | D:15     | Found a white marble altar of Elyvilon.
 25739 | D:15     | Reached XP level 16. HP: 122/122 MP: 15/24
 25744 | D:15     | Got a shimmering leather armour
 25755 | D:15     | Identified the +3 leather armour of Servitude {MR+} (You
                  | found it on level 15 of the Dungeon)
 26271 | Spider:1 | Entered Level 1 of the Spider Nest
 26458 | Orc:1    | Entered Level 1 of the Orcish Mines
 26458 | Orc:1    | Noticed Snorg
 26468 | Orc:1    | Killed Snorg
 26897 | Orc:2    | Entered Level 2 of the Orcish Mines
 26897 | Orc:2    | Found a staircase to the Elven Halls.
 27010 | Orc:2    | Reached ****** piety under Hepliaklqana
 27146 | Orc:2    | Reached skill level 5 in Necromancy
 27385 | Orc:2    | Found Deanintus's Armour Shop.
 27385 | Orc:2    | Found Zawkic's General Store.
 27385 | Orc:2    | Found Ixzucynk's Magic Scroll Shoppe.
 27388 | Orc:2    | Found Hikonurph's Assorted Antiques.
 27392 | Orc:2    | Bought the +4 moon troll leather armour {Spirit, Regen++
                  | MP+5} for 763 gold pieces
 27392 | Orc:2    | Found the +4 moon troll leather armour {Spirit, Regen++
                  | MP+5}
 27395 | Orc:2    | Bought a scroll of teleportation for 42 gold pieces
 27395 | Orc:2    | Bought a scroll of teleportation for 42 gold pieces
 27395 | Orc:2    | Bought a scroll of teleportation for 42 gold pieces
 27395 | Orc:2    | Bought a scroll of teleportation for 42 gold pieces
 27395 | Orc:2    | Bought a scroll of identify for 28 gold pieces
 27395 | Orc:2    | Bought a scroll of identify for 28 gold pieces
 27431 | Orc:2    | Bought a scroll labeled KAIFOD JOAN for 28 gold pieces
 27431 | Orc:2    | Bought a scroll of identify for 56 gold pieces
 27514 | Orc:2    | Found a runed translucent door.
 28286 | Spider:1 | Reached skill level 5 in Charms
 28638 | Spider:2 | Reached skill level 5 in Shields
 29538 | Spider:3 | Noticed Arachne
 29553 | Spider:3 | Killed Arachne
 29674 | Spider:3 | Reached skill level 16 in Fighting
 29768 | Spider:3 | Reached XP level 17. HP: 129/129 MP: 12/25
 30443 | Spider:4 | Entered Level 4 of the Spider Nest
 32001 | Spider:4 | Got a warped copper ring
 32017 | Spider:4 | Got a gossamer rune of Zot
 32026 | Spider:4 | Identified the ring "Ymueruw" {rC+ rN+ AC+2 Int+2 Dex+2}
                  | (You found it on level 4 of the Spider Nest)
 32248 | Shoals:1 | Entered Level 1 of the Shoals
 32292 | Shoals:1 | Reached skill level 10 in Shields
 32472 | Shoals:1 | Noticed Nikola
 32491 | Shoals:1 | Killed Nikola
 32984 | Shoals:2 | Reached XP level 18. HP: 131/137 MP: 19/26
 33872 | Shoals:3 | Reached skill level 10 in Necromancy
 33933 | Shoals:3 | Reached skill level 17 in Fighting
 34440 | Shoals:4 | Entered Level 4 of the Shoals
 34513 | Shoals:4 | Found Evetzuath's Eclectic Emporium.
 34540 | Shoals:4 | Found Mipaagec's Distillery.
 34650 | Shoals:4 | Bought a potion of heal wounds for 75 gold pieces
 34650 | Shoals:4 | Bought a potion of heal wounds for 75 gold pieces
 34650 | Shoals:4 | Bought a potion of might for 60 gold pieces
 34650 | Shoals:4 | Bought a potion of might for 60 gold pieces
 34762 | Shoals:4 | Got a barnacled rune of Zot
 35069 | Shoals:4 | Got a wavering lapis lazuli ring
 35262 | Shoals:4 | Found Qais's Jewellery Emporium.
 35550 | Shoals:4 | Identified the ring "Zicats" {+Fly rN+ MR+} (You found it
                  | on level 4 of the Shoals)
 35710 | Elf:1    | Entered Level 1 of the Elven Halls
 35879 | Elf:1    | Reached XP level 19. HP: 144/144 MP: 27/27
 35942 | Elf:1    | Identified the cursed +1 rapier "Qomee" {flame, -Tele rC++
                  | Int+5}
 35959 | Elf:1    | Noticed a Brimstone Fiend
 36011 | Elf:1    | Found a runed translucent gate.
 36011 | Elf:1    | Found a runed translucent gate.
 36011 | Elf:1    | Found a runed translucent gate.
 36011 | Elf:1    | Found a runed translucent gate.
 36011 | Elf:1    | Found a runed translucent gate.
 36012 | Elf:1    | Found a runed translucent gate.
 36100 | Elf:1    | Found a flickering gateway to a bazaar.
 36109 | Bazaar   | Entered a bazaar
 36114 | Bazaar   | Found Xeelen's Jewellery Shop.
 36149 | Bazaar   | Found Hinn's Antique Armour Shop.
 36157 | Bazaar   | Bought a pair of glowing boots for 142 gold pieces
 36194 | Bazaar   | Bought a pair of runed gloves for 142 gold pieces
 36218 | Bazaar   | Bought the ring of Modass {rElec rPois MR++ Str-4} for 442
                  | gold pieces
 36398 | Elf:1    | Identified the Tome of the Badger
 36645 | Elf:1    | Noticed Frances
 36662 | Elf:1    | Killed Frances
 36718 | Elf:1    | Found Yfiteutu's Assorted Antiques.
 36967 | Elf:2    | Found the +3 robe of Folly {Archmagi, MR-- Int+5}
 37035 | Elf:2    | Found Wygiv's Book Shop.
 37178 | Elf:2    | Reached skill level 18 in Fighting
 37191 | Elf:2    | Found Lukoxt's Armour Shoppe.
 37284 | Elf:2    | Found a runed translucent gate.
 37284 | Elf:2    | Found a runed translucent gate.
 37293 | Elf:2    | Found a runed translucent gate.
 37311 | Elf:2    | Found Uliklenu's Antique Armour Emporium.
 37580 | Elf:2    | Found Daadd's Magic Scroll Shoppe.
 37588 | Elf:2    | Bought a scroll of magic mapping for 63 gold pieces
 37771 | Elf:3    | Entered Level 3 of the Elven Halls
 38195 | Elf:3    | Noticed a Hell Sentinel
 38611 | Elf:3    | Reached XP level 20. HP: 154/154 MP: 28/28
 38625 | Elf:3    | Noticed a Tzitzimitl
 38651 | Elf:3    | Reached skill level 15 in Shields
 38728 | Elf:3    | Identified the +6 mace "Ychink" {vamp, rPois Str+4}
 38853 | Elf:3    | Found the +2 pair of boots of the Assassin {Detection Stab+
                  | Stlth++}
 39031 | Elf:3    | Identified the Disquisition on Burning Transformation
 39038 | Elf:3    | Identified the Reference Book on Evil and Curses
 39323 | Vaults:1 | Entered Level 1 of the Vaults
 39517 | Vaults:1 | Reached skill level 19 in Fighting
 39580 | Vaults:1 | Found a magical portal.
 39604 | WizLab   | Entered Cigotuvi's Fleshworks
 39801 | WizLab   | Paralysed by a floating eye for 4 turns
 39836 | WizLab   | Found the -2 hat of the Alchemist {rElec rPois rF+ rC+ rN+
                  | MR+ rMut rCorr}
 40490 | WizLab   | Identified Cigotuvi's Collected Works on Doomed
                  | Transmigration
 41159 | Vaults:1 | Reached XP level 21. HP: 145/163 MP: 20/29
 41312 | Vaults:1 | Reached skill level 20 in Fighting
 41382 | Vaults:1 | Found Ryegoqes's Jewellery Shop.
 42008 | Vaults:2 | Found a staircase to the Crypt.
 42064 | Vaults:2 | Reached skill level 1 in Stealth
 43079 | Vaults:2 | Reached skill level 5 in Stealth
 43715 | Vaults:3 | Reached skill level 21 in Fighting
 43727 | Vaults:3 | Reached XP level 22. HP: 166/174 MP: 23/30
 44311 | Vaults:3 | Found Vauxkan's Antique Armour Boutique.
 44642 | Vaults:4 | Found Axeilok's Book Emporium.
 45380 | Vaults:4 | Identified the Disquisition on Frigorific Air
 45768 | Vaults:4 | Reached skill level 10 in Stealth
 46042 | Vaults:4 | Identified Piphoif's Collected Works on the Entourage and
                  | the Glacier
 46508 | Depths:1 | Entered Level 1 of the Depths
 46517 | Depths:1 | Found a runed translucent gate.
 46517 | Depths:1 | Found a runed translucent gate.
 46517 | Depths:1 | Found a runed translucent gate.
 46623 | Depths:1 | Reached XP level 23. HP: 181/181 MP: 31/31
 46654 | Depths:1 | Noticed an ancient lich
 46832 | Depths:1 | Reached skill level 22 in Fighting
 47491 | Depths:1 | Killed an ancient lich
 47706 | Depths:1 | Identified the Compendium of Darkness
 48072 | Depths:1 | Found a gateway to Hell.
 48080 | Depths:1 | Identified Viotif's Catalogue of Quantum Moulding
 48669 | Depths:2 | Found Tul Emil's Blood Bar.
 48712 | Depths:2 | Found Asuw's Gadget Shoppe.
 48713 | Depths:2 | Found Kaammir's Jewellery Boutique.
 48714 | Depths:2 | Found Vige's Gadget Shoppe.
 48740 | Depths:2 | You fall through a shaft for 2 floors!
 48741 | Depths:4 | Noticed a caustic shrike
 48751 | Depths:4 | Killed a caustic shrike
 48846 | Depths:4 | Noticed a golden dragon
 48865 | Depths:4 | Killed a golden dragon
 48878 | Depths:4 | Identified the cursed +0 ice dragon scales of Urowil {+Fly
                  | rPois rF- rC++ Regen+ Str-4}
 48882 | Depths:4 | Reached XP level 24. HP: 191/191 MP: 27/31
 49102 | Depths:4 | Reached skill level 23 in Fighting
 49129 | Depths:4 | Found a burning altar of Makhleb.
 49129 | Depths:4 | Found a sparkling altar of Nemelex Xobeh.
 49132 | Depths:4 | Found a hide-covered altar of Uskayaw.
 49143 | Depths:4 | Found a one-way gate leading to the halls of Pandemonium.
 49179 | Depths:4 | Found a one-way gate to the infinite horrors of the Abyss.
 49179 | Depths:4 | Found a gateway to a ziggurat.
 49237 | Depths:4 | Noticed Frederick
 49239 | Depths:4 | Killed Frederick
 49943 | Depths:2 | Reached skill level 15 in Stealth
 50138 | Depths:2 | Found the +2 ratskin cloak {+Rats rPois rN+ Str-1 Int-1
                  | Dex+1}
 50148 | Depths:2 | Got a scintillating brass ring
 50149 | Depths:2 | Identified the Volume of Icy Confrontation
 50153 | Depths:2 | Got a coiled pewter ring
 50157 | Depths:2 | Identified the ring of Zipt {rF+ MP+9 Dex+3} (You found it
                  | on level 2 of the Depths)
 50159 | Depths:2 | Identified the ring "Tying" {*Tele rElec rPois MR++ Dex-5}
                  | (You found it on level 2 of the Depths)
 50674 | Depths:2 | Found the +3 sling "Punk" {acid, rCorr}
 51092 | Depths:3 | Reached XP level 25. HP: 200/200 MP: 31/31
 51761 | Depths:3 | Reached skill level 24 in Fighting
 51912 | Depths:3 | Paralysed by a floating eye for 3 turns
 51915 | Depths:3 | HP: 1/200 [deep troll earth mage (15)]
 51915 | Depths:3 | Slain by a deep troll

Skill      XL: |  1  2  3  4  5  6  7  8  9 10 11 12 13 14 15 16 17 18 19 20 21 22 23 24 25 |
---------------+----------------------------------------------------------------------------+-----
Dodging        | 3 4 5 6 7 9 10 11 13 15 16 17 18 19 21 22 23 | 23.2
Polearms       | 4 6 7 9 11 13 14 16 | 16.2
Fighting       | 3 4 5 6 7 8 9 11 13 14 15 16 17 18 19 21 22 23 24 | 24.1
Evocations     | 1 3 5 6 |  6.0
Shields        | 2 4 6 10 12 14 15 | 15.2
Invocations    | 2 8 10 11 | 11.0
Armour         | 1 3 |  3.6
Unarmed Combat | 1 6 7 |  7.0
Spellcasting   | 3 4 |  4.7
Necromancy     | 3 7 9 10 11 13 14 | 14.0
Charms         | 3 6 |  6.0
Stealth        | 6 10 13 15 16 | 16.6
Throwing       | |  1.0
Translocations | |  2.4

Action                   |  1- 3 |  4- 6 |  7- 9 | 10-12 | 13-15 | 16-18 | 19-21 | 22-24 | 25-27 || total
-------------------------+-------+-------+-------+-------+-------+-------+-------+-------+-------++-------
Melee: Spear             |   138 |   368 |   265 |   165 |  1337 |       |       |       |       ||  2273
       Trident           |       |       |   291 |   684 |       |       |       |       |       ||   975
       Unarmed           |       |       |    17 |       |       |       |       |       |       ||    17
       Halberd           |       |       |       |   121 |       |       |       |       |       ||   121
       Demon trident     |       |       |       |       |    39 |  2060 |  2057 |  2120 |   253 ||  6529
       Tailslap          |       |       |       |       |       |    30 |       |       |       ||    30
 Cast: Regeneration      |       |       |       |       |       |     1 |     4 |       |       ||     5
Invok: Ancestor Identity |       |       |     1 |       |       |       |       |       |       ||     1
       Ancestor Life: He |       |       |       |     1 |       |       |       |       |       ||     1
       Recall Ancestor   |       |       |       |     2 |     2 |     5 |     3 |     2 |       ||    14
       Idealise          |       |       |       |       |     3 |     1 |     3 |     1 |       ||     8
       Transference      |       |       |       |       |       |       |     1 |       |       ||     1
Evoke: Wand              |       |       |     7 |     3 |     7 |     5 |     9 |       |       ||    31
  Use: Potion            |       |     2 |     1 |     4 |     2 |     1 |     3 |     1 |       ||    14
       Scroll            |       |       |     8 |    18 |    18 |    13 |    10 |     5 |       ||    72
 Stab: Sleeping          |     1 |     6 |     2 |     7 |    16 |       |    23 |    34 |     3 ||    92
       Paralysed         |       |       |     5 |       |    15 |    67 |    20 |    33 |     8 ||   148
       Distracted        |       |       |     5 |     7 |    12 |    12 |    16 |    15 |     5 ||    72
       Confused          |       |       |     1 |     6 |     7 |    14 |    77 |    91 |    12 ||   208
       Petrified         |       |       |       |       |     9 |       |       |       |       ||     9
       Petrifying        |       |       |       |       |     1 |       |       |       |       ||     1
  Eat: Chunk             |     1 |     8 |    15 |    25 |    22 |    19 |    16 |    19 |     3 ||   128
       Ration            |       |       |       |       |     5 |     4 |     3 |     2 |       ||    14
Armor: Leather armour    |    31 |    59 |    90 |    67 |    98 |       |       |       |       ||   345
       Skin              |       |       |     1 |       |       |       |       |       |       ||     1
       Plate armour      |       |       |       |       |    18 |    79 |       |       |       ||    97
       Troll leather arm |       |       |       |       |       |   339 |   264 |   196 |    30 ||   829
Dodge: Dodged            |    73 |   185 |   323 |   288 |   419 |  1277 |   966 |   744 |    93 ||  4368
Block: Other             |       |     8 |    27 |    15 |       |       |       |       |       ||    50
       Reflection        |       |     2 |       |     7 |    24 |       |       |       |       ||    33
       Buckler           |       |       |       |    82 |   234 |   133 |       |       |       ||   449
       Shield            |       |       |       |       |       |  1008 |   936 |   771 |    65 ||  2780
